 Dungeon Crawl Stone Soup version 0.27.1-34-g3ba077fa99 (webtiles) character file.

Game seed: 7294155518600764039

555 daervis the Chopper (level 7, -3/44 HPs)
             Began as a Gargoyle Berserker on Jan 14, 2022.
             Was a Believer of Trog.
             Slain by an orc wizard (5 damage)
             ... on level 5 of the Dungeon on Jan 22, 2022.
             The game lasted 00:19:41 (6618 turns).

daervis the Chopper (Gargoyle Berserker)            Turns: 6618, Time: 00:19:42

Health: -3/44      AC: 19    Str: 23    XL:     7   Next: 30%
Magic:  7/7        EV:  7    Int:  7    God:    Trog [**....]
Gold:   160        SH:  5    Dex:  9    Spells: 6/6 levels left

rFire    . . .     SeeInvis .   c - +7 battleaxe "Qinlomn" {flame, Fly}
rCold    . . .     Faith    .   (shield currently unavailable)
rNeg     + . .     Spirit   .   i - +1 plate armour
rPois    ∞         Reflect  +   (no helmet)
rElec    +         Harm     .   (no cloak)
rCorr    .         Rampage  .   d - +0 pair of gloves
Will     .....                  (no boots)
Stlth    ..........             f - amulet of reflection
HPRegen  0.14/turn              (no ring)
MPRegen  0.10/turn              (no ring)

@: on berserk cooldown, flying, slowed, very slow
A: sickness immunity, AC +4, negative energy resistance 1, electricity
resistance, torment resistance 1, petrification resistance
a: Renounce Religion, Berserk, Trog's Hand


You were on level 5 of the Dungeon.
You worshipped Trog.
Trog was pleased with you.
You visited 2 branches of the dungeon, and saw 7 of its levels.

You collected 160 gold pieces.

Inventory:

Hand Weapons
 c - the +7 battleaxe "Qinlomn" (weapon) {flame, Fly}
   (You acquired it on level 4 of the Dungeon)

   It burns those it strikes, dealing additional fire damage.
   Big, fiery blades are also staple armaments of hydra-hunters.
   Fly:       It grants you flight.
Armour
 b - a +0 animal skin
 d - a +0 pair of gloves (worn)
 i - a +1 plate armour (worn)
Jewellery
 f - an amulet of reflection (around neck)
Wands
 m - a wand of polymorph (10)
Scrolls
 e - a scroll of immolation
 o - 2 scrolls of noise {unknown}
 r - a scroll of teleportation
Potions
 a - a potion of degeneration {unknown}
 g - a potion of curing
 h - a potion of flight {unknown}
 j - a potion of haste
 k - a potion of attraction {unknown}
 l - a potion of heal wounds {unknown}
 n - 2 potions of ambrosia
 s - a potion of might {unknown}


   Skills:
 * Level 4.3 Fighting
 * Level 5.4 Axes
 * Level 4.7 Armour
 - Level 1.5 Dodging
 * Level 2.5 Stealth
 + Level 1.3 Shields


You had 6 spell levels left.
You didn't know any spells.
Your spell library was empty.

Dungeon Overview and Level Annotations

Branches:
Dungeon (6/15)             Temple (1/1) D:4

Altars:
Ashenzari
Cheibriados
Dithmenos
Fedhas
Gozag
Hepliaklqana
Kikubaaqudgha
Makhleb
Nemelex Xobeh
Qazlal
Ru
Xom
Yredelemnul
Zin

Shops:
D:4 *


Innate Abilities, Weirdness & Mutations

You are immune to sickness and miasma.
Your stone body is resilient. (AC +4)
You are immune to poison.
You resist negative energy. (rN+)
You are resistant to electric shocks. (rElec)
You are resistant to unholy torment.
You are immune to petrification.


Message History

Trog accepts your kill.
The orc priest calls down the wrath of Beogh upon you.
You struggle to resist.
You are no longer berserk.
You are exhausted.
You feel yourself slow down.
Items here: )) [ ††.
You closely miss the orc priest.
The orc priest hits you but does no damage.
You block the orc priest's attack.
You slice the orc priest!! You burn the orc priest.
You kill the orc priest!
Trog accepts your kill.
You hear some strange, mumbled words.
A puff of flame appears from out of thin air!
Deactivating autopickup; reactivate with Ctrl-A.
The puff of flame hits you but does no damage.
The orc priest invokes the aid of Beogh against you.
Beogh smites you!
Your plate armour prevents you from hitting something.
Something hits you but does no damage. x2
You barely miss something. You block something's attack. Something hits you.
Your plate armour prevents you from hitting something.
Something hits you but does no damage. You block something's attack.
You hit something. You burn something. Something hits you but does no damage.
Something hits you.
You miss something. Something hits you but does no damage.
The orc priest mumbles some strange prayers to Beogh against you.
Beogh smites you!
* * * LOW HITPOINT WARNING * * *
Something hits you.
* * * LOW HITPOINT WARNING * * *
You closely miss something.
Something hits you but does no damage. x2
The orc priest begins to cast a cantrip, but forgets the words!
Something hits you but does no damage.
You barely miss something.
You hear some strange, mumbled words.
Something tries to affect you, but you resist.
Something hits you.
You die...

#.# #....#
#)) #.#
####.###..
#.#
...####..))..
#.#
........)####
#.#
...........#
#.#
........##.#
#.# ........#
.# #.#
........# .
#@# ........#
.. #{#
....###.# .
#o# .... #.#
. ... ...
#.... #....
#....#


You could see an orc priest.

Vanquished Creatures
  A necrophage (D:5)
  An ogre (D:5)
  A centaur zombie (D:5)
  A hound (D:5)
  3 orc priests (D:5)
  A jelly (D:5)
  An iguana (D:4)
  2 orc wizards (D:5)
  A gnoll (D:1)
  5 adders
  An adder skeleton (D:4)
  A dart slug (D:2)
  9 orcs
  4 ball pythons
  4 bats
  4 endoplasms
  2 giant cockroaches
  4 goblins
  6 hobgoblins
  3 jackals (D:1)
  A quokka (D:1)
  4 frilled lizards
  A goblin skeleton (D:5)
  7 kobolds
  2 rats (D:1)
70 creatures vanquished.

Notes
Turn   | Place    | Note
-------+----------+-------------------------------------------
     0 | D:1      | daervis the Gargoyle Berserker began the quest for the Orb.
     0 | D:1      | Reached XP level 1. HP: 14/14 MP: 1/1
   380 | D:1      | Reached skill level 3 in Axes
   380 | D:1      | Reached XP level 2. HP: 19/19 MP: 2/2
   793 | D:1      | Reached skill level 1 in Stealth
   793 | D:1      | Reached XP level 3. HP: 23/23 MP: 3/3
  1775 | D:1      | Found a faded altar of an unknown god.
  2502 | D:2      | You fall into a shaft and drop 1 floor!
  2795 | D:3      | Found a burning altar of Makhleb.
  2892 | D:2      | Reached XP level 4. HP: 27/28 MP: 4/4
  4011 | D:4      | Reached ** piety under Trog
  4190 | D:5      | Entered Level 5 of the Dungeon
  4212 | D:4      | Reached skill level 4 in Axes
  4212 | D:4      | Reached XP level 5. HP: 33/33 MP: 5/5
  4986 | D:4      | Found Keuxaimo's General Store.
  5054 | D:4      | Found a staircase to the Ecumenical Temple.
  5313 | Temple   | Entered the Ecumenical Temple
  5732 | D:5      | Noticed a necrophage
  5750 | D:5      | Killed a necrophage
  5751 | D:5      | Reached skill level 1 in Shields
  5751 | D:5      | Reached XP level 6. HP: 38/38 MP: 6/6
  5962 | D:4      | Identified a scroll of acquirement
  5962 | D:4      | Acquired the +7 battleaxe "Qinlomn" {flame, Fly}
  6296 | D:5      | Reached skill level 5 in Axes
  6296 | D:5      | Reached XP level 7. HP: 5/43 MP: 7/7
  6616 | D:5      | HP: 2/44 [orc priest/divine providence (13)]
  6618 | D:5      | Slain by an orc wizard

Illustrated notes

Levels and vault maps discovered:
D:1:      psy_arrival_conway, layout_loops_ring,
          shapermc_ecumenical_altar_hornbeckon
D:2:      layout_rooms, serial_curves, eino_curves_02, eino_curves_03
D:3:      layout_loops_cross, bloody_makhleb, serial_forest,
          infiniplex_forest_corner_1, infiniplex_forest_clump_tiny,
          infiniplex_forest_zigzag_2, infiniplex_forest_clump_small,
          infiniplex_forest_lined_room_2, infiniplex_forest_diagonal
D:4:      layout_cave_pools, temple_doors_e, serial_shops,
          nicolae_take_the_stairs, minmay_statues_item, minmay_misc_feat_square
D:5:      layout_basic, mainiacjoe_overflow_brackets,
          nicolae_tso_besieged_by_evil
D:6:      layout_loops_ring, marbit_many_paths,
          nicolae_uskayaw_murder_on_the_dancefloor, kennysheep_diamond
Temple:   oiseaux_autumnal_temple

Skill      XL: |  1  2  3  4  5  6 |
---------------+-------------------+-----
Axes           | 3 4 5 |  5.4
Stealth        | 1 2 |  2.5
Armour         | 3 4 |  4.7
Fighting       | 4 |  4.3
Shields        | 1 |  1.3
Dodging        | |  1.5

Action                   |  1- 3 |  4- 6 |  7- 9 || total
-------------------------+-------+-------+-------++-------
Melee: Hand axe          |   112 |    39 |       ||   151
       War axe           |       |    54 |       ||    54
       Battleaxe         |       |    12 |    28 ||    40
Invok: Berserk           |     4 |     4 |     3 ||    11
  Use: Scroll            |       |     6 |       ||     6
       Potion            |       |     2 |       ||     2
Armor: Plate armour      |    74 |    63 |    19 ||   156
       Leather armour    |     5 |       |       ||     5
Dodge: Dodged            |    39 |    29 |     2 ||    70
Block: Other             |    33 |    25 |     7 ||    65
       Reflection        |     1 |     1 |       ||     2
